 Dungeon Crawl Stone Soup version 0.30-a0-358-g0d69a1922f (webtiles) character file.

Game seed: 10359862382207087228

301 koil the Sneak (level 6, -2/44 HPs)
             Began as a Vampire Enchanter on Nov 10, 2022.
             Slain by a hobgoblin (6 damage)
             ... led by Robin
             ... on level 3 of the Dungeon.
             The game lasted 00:09:31 (2186 turns).

koil the Sneak (Vampire Enchanter)                  Turns: 2186, Time: 00:09:31

Health: -2/44      AC:  2    Str: 13    XL:     6   Next: 14%
Magic:  10/10      EV: 13    Int: 20    God:
Gold:   95         SH:  0    Dex: 14    Spells: 5/10 levels left

rFire   . . .      SeeInvis +    a - +1 dagger
rCold   . . .      Faith    .    (no shield)
rNeg    . . .      Spirit   .    r - +0 robe
rPois   .          Reflect  .    (no helmet)
rElec   .          Harm     .    (no cloak)
rCorr   .          Rampage  .    (no gloves)
Will    .....                    (no boots)
Stlth   +++.......               (no amulet)
HPRegen 0.47/turn                g - +6 ring of strength
MPRegen 0.12/turn                (no ring)

@: healing quickly, invisible
A: alive, fangs 3, see invisible, vampiric 2
a: Exsanguinate


You were on level 3 of the Dungeon.
You visited 1 branch of the dungeon, and saw 3 of its levels.

You collected 95 gold pieces.

Inventory:

Hand Weapons
 a - a +1 dagger (weapon)
 q - a +0 scythe
Armour
 b - a +0 robe
 r - a +0 robe (worn)
Magical Staves
 m - a staff of cold
Jewellery
 g - a +6 ring of strength (left hand)
Wands
 o - a wand of charming (4)
Scrolls
 d - 2 scrolls of immolation {unknown}
 f - a scroll of poison {unknown}
 h - a scroll of teleportation {unknown}
 k - a scroll of noise {unknown}
 s - a scroll of identify {unknown}
Potions
 c - a potion of invisibility
 e - 2 potions of heal wounds {unknown}
 i - 2 potions of degeneration {unknown}
 j - a potion of brilliance {unknown}
 l - a potion of magic {unknown}
 n - a potion of resistance {unknown}
 p - a potion of lignification {unknown}


   Skills:
 + Level 2.1 Fighting
 + Level 2.9 Short Blades
 + Level 3.4 Dodging
 + Level 6.0 Stealth
 + Level 2.9 Spellcasting
 + Level 5.6 Hexes


You had 5 spell levels left.
You knew the following spells:

 Your Spells              Type           Power      Damage    Failure   Level
a - Ensorcelled Hibernat  Hex/Ice        28%        N/A       7%          2
b - Confusing Touch       Hex            25%        N/A       4%          3

Your spell library contained the following spells:

 Spells                   Type           Power      Damage    Failure   Level
 Tukima's Dance           Hex            25%        N/A       4%          3
 Dazzling Flash           Conj/Hex       28%        N/A       14%         3
 Ignite Poison            Fire/Tmut/Pois 2%         N/A       41%         3
 Sticky Flame             Conj/Fire      2%         2d3       82%         4
 Ignition                 Fire           1%         3d3       100%        8


Dungeon Overview and Level Annotations

Branches:
Dungeon (3/15)

Altars:
Qazlal
Wu Jian

Shops:
D:2 (

Annotations:
D:3 1 exclusion, Pargi, Robin


Innate Abilities, Weirdness & Mutations

Your natural rate of healing is accelerated.
You have razor-sharp teeth.
You have supernaturally acute eyesight. (SInv)
You are afflicted with vampirism and can become a bat while bloodless.


Message History

The goblin is severely wounded.
The goblin barely misses you. The goblin closely misses you.
You hit the goblin.
You kill the goblin!
The goblin closely misses you.
Your Stealth skill increases to level 6!
You hit the goblin. You bite the goblin.
You kill the goblin!
The goblin hits you with a +0 club.
You closely miss the goblin.
The goblin no longer looks unusually strong.
You hit the goblin.
The goblin is heavily wounded.
The goblin hits you with a +0 dagger. The goblin completely misses you.
Robin laughs in a distinctly smug fashion.
Robin roars a battlecry!
The goblins go into a battle-frenzy!
You hit the goblin.
The goblin is moderately wounded.
The goblin no longer looks unusually strong.
The goblin closely misses you. The hobgoblin misses you.
The goblin hits you with a +0 club.
Robin roars a battlecry!
The goblin goes into a battle-frenzy!
You barely miss the goblin.
The goblin is moderately wounded.
The hobgoblin no longer looks unusually strong.
The hobgoblin hits you. The goblin barely misses you.
The goblin hits you with a +0 dagger.
* * * LOW HITPOINT WARNING * * *
You closely miss the goblin. You bite the goblin.
The goblin is heavily wounded.
The goblin hits you with a +0 dagger.
* * * LOW HITPOINT WARNING * * *
The hobgoblin hits you.
* * * LOW HITPOINT WARNING * * *
The goblin hits you but does no damage.
You fade into invisibility!
The hobgoblin hits you.
You die... ######... ####....... ......... ....... ..... gg.

####### #g# . #.....#
#g#....#
#.....########@#....#
#...>........!gg..#
###........#####.<..#
........##.....#....#
.....†_.##..##.#....##
....###+##............
....#....#####.....###.
....#....# ###........
. .
#####....###...........
# ##.##


You could see Robin (unable to see you), 2 hobgoblins and 3 goblins.

Vanquished Creatures
  Sigmund (D:2)
  An orc wizard (D:3)
  2 gnolls (D:3)
  2 adders
  3 dart slugs (D:1)
  4 orcs (D:3)
  5 endoplasms
  A giant cockroach (D:2)
  9 goblins
  8 hobgoblins
  7 jackals
  4 quokkas
  2 ball pythons
  7 bats
  3 frilled lizards
  4 kobolds
  8 rats
  A plant (D:3)
72 creatures vanquished.

Notes
Turn   | Place    | Note
-------+----------+-------------------------------------------
     0 | D:1      | koil the Vampire Enchanter began the quest for the Orb.
     0 | D:1      | Reached XP level 1. HP: 13/13 MP: 3/3
   200 | D:1      | Reached XP level 2. HP: 20/20 MP: 5/5
   203 | D:1      | Learned a level 2 spell: Ensorcelled Hibernation
   429 | D:1      | Gained mutation: You are afflicted with vampirism and can
                  | become a bat while bloodless. [Vampire growth]
   429 | D:1      | Reached XP level 3. HP: 22/25 MP: 6/6
   441 | D:1      | Learned a level 3 spell: Confusing Touch
   919 | D:2      | Noticed Sigmund
   950 | D:2      | Found Tihy's Weapon Shoppe.
  1039 | D:2      | Reached skill level 1 in Fighting
  1039 | D:2      | Reached skill level 5 in Stealth
  1300 | D:2      | Killed Sigmund
  1301 | D:2      | Reached skill level 5 in Hexes
  1301 | D:2      | Reached XP level 4. HP: 33/33 MP: 4/8
  1301 | D:2      | Reached XP level 5. HP: 38/38 MP: 4/9
  1846 | D:3      | Found an ornate altar of the Wu Jian Council.
  1888 | D:3      | Noticed Pargi
  1964 | D:3      | Reached XP level 6. HP: 24/44 MP: 7/10
  2125 | D:3      | Found a stormy altar of Qazlal.
  2166 | D:3      | Noticed Robin
  2180 | D:3      | Reached skill level 6 in Stealth
  2185 | D:3      | HP: 4/44 [hobgoblin[Robin] (6)]
  2186 | D:3      | Slain by a hobgoblin

Illustrated notes

Levels and vault maps discovered:
D:1:      zaba_arrival_water, layout_basic
D:2:      layout_loops_ring, serial_shops, nicolae_shop_bloodbath_and_beyond,
          uniq_sigmund
D:3:      lemuel_castle_with_subvaults [lemuel_castle_interior_carwin_3],
          layout_basic, overflow_temple_1_default, overflow_temple_1_default,
          uniq_ijyb, uniq_pargi, uniq_robin

Skill      XL: |  1  2  3  4  5  6 |
---------------+-------------------+-----
Fighting       | 1 2 |  2.1
Stealth        | 5 6 |  6.0
Short Blades   | 2 |  2.9
Dodging        | 3 |  3.4
Hexes          | 5 |  5.6
Spellcasting   | |  2.9

Action                   |  1- 3 |  4- 6 || total
-------------------------+-------+-------++-------
Melee: Dagger            |   103 |   108 ||   211
       Bite              |     7 |    10 ||    17
       Punch             |       |     1 ||     1
 Cast: Ensorcelled Hiber |     4 |     9 ||    13
  Use: Potion            |       |     1 ||     1
 Stab: Sleeping          |    21 |     8 ||    29
Armor: Robe              |    10 |    17 ||    27
Dodge: Dodged            |    47 |    79 ||   126

Table legend: (Time is in decaauts)
 A = Elapsed time spent in this place.
 B = Non-inter-level travel time spent in this place.
 C = Inter-level travel time spent in this place.
 D = Time resting spent in this place.
 E = Time spent auto-exploring this place.
 F = Levels seen in this place.
 G = Mean time per level.
                   A        B        C        D        E       F      G
               +--------+--------+--------+--------+--------+-----+--------+
         Total |   2166 |   2164 |      2 |    199 |   1248 |   3 |  722.0 |
       Dungeon |   2166 |   2164 |      2 |    199 |   1248 |   3 |  722.0 |
               +--------+--------+--------+--------+--------+-----+--------+

Top non-repeatable levels by time:
     D:1: 837 daAuts
     D:2: 768 daAuts
     D:3: 561 daAuts
